AoeStats
← OmarGutieG

Arabia

508297021Analyzed
1v1 RM · 10d ago on Sep 21, 2026· 69m 2s· 2 players
Game mode
Random Map
Map size
Tiny (2 player)
Population
200
Speed
Normal
Resources
Standard
Victory
Conquest
Starting age
Dark Age
Ending age
Imperial Age
RankedLock teamsTeams togetherTeam positionsShared explorationLock speedFull tech treeHidden civsTurbo modeCheats
Victory
Defeat
🇲🇽 Ethiopians · Mexico
1219
+15
🇨🇱 Khmer · Chile
1208
-15
NPG | CanuTo SionisTa
7:16 Loom
9:14 Feudal Age
10:03 Double-Bit Axe
9:58 Horse Collar
15:35 Scale Barding Armor
16:27 Forging
16:47 Town Watch
18:22 Bloodlines
21:37 Castle Age
23:22 Husbandry
22:42 Light Cavalry
23:44 Chain Barding Armor
24:22 Stone Mining
24:23 Gold Mining
27:02 Ballistics
27:40 Gold Shaft Mining
30:11 Wheelbarrow
34:08 Stone Mining
49:45 Imperial Age
47:31 Hand Cart
48:12 Iron Casting
48:38 Tusk Swords
51:55 Chemistry
51:27 Conscription
51:09 Double Crossbow
51:46 Elite Ballista Elephant
53:08 Plate Barding Armor
59:43 Elite Battle Elephant
64:59 Elite Skirmisher
66:55 Hussar
67:39 Fletching
67:50 Padded Archer Armor
OmarGutieG
7:01 Loom
9:23 Feudal Age
15:17 Fletching
16:51 Double-Bit Axe
21:57 Castle Age
20:11 Horse Collar
20:59 Scale Mail Armor
23:04 Chain Mail Armor
23:33 Wheelbarrow
23:11 Bow Saw
23:03 Heavy Plow
23:26 Squires
25:05 Gold Mining
29:31 Hand Cart
29:57 Town Watch
33:31 Town Patrol
36:01 Imperial Age
36:54 Sappers
42:51 Forging
43:33 Halberdier
44:18 Man-at-Arms
44:22 Halberdier
46:22 Sappers
47:52 Conscription
50:10 Royal Heirs
51:30 Elite Shotel Warrior
51:38 Elite Shotel Warrior
56:36 Chemistry
55:56 Ballistics
57:04 Plate Mail Armor
57:09 Iron Casting
57:04 Plate Mail Armor
57:10 Iron Casting
Connection lost

Rejoining the realm…

Still unreachable

The connection could not be restored.

Session expired

The server has moved on; the page needs a fresh start.